 Dungeon Crawl Stone Soup version 0.29.1-1-gd02db6906a (webtiles) character file.

Game seed: 11108212103546285144

69 xian the Twirler (level 4, -2/24 HPs)
             Began as a Tengu Wanderer on Oct 14, 2022.
             Slain by a black bear (3 damage)
             ... on level 3 of the Dungeon.
             The game lasted 00:03:11 (2016 turns).

xian the Twirler (Tengu Wanderer)                   Turns: 2016, Time: 00:03:11

Health: -2/24      AC:  3    Str: 11    XL:     4   Next: 20%
Magic:  2/10       EV: 11    Int: 16    God:
Gold:   94         SH:  0    Dex: 13    Spells: 7/10 levels left

rFire   . . .      SeeInvis .   a - +2 quarterstaff
rCold   . . .      Faith    .   (shield currently unavailable)
rNeg    . . .      Spirit   .   g - +0 leather armour
rPois   .          Reflect  .   b - +0 hat
rElec   .          Harm     .   (no cloak)
rCorr   .          Rampage  .   (no gloves)
Will    .....                   (boots unavailable)
Stlth   +.........              (no amulet)
HPRegen 0.08/turn               (no ring)
MPRegen 0.12/turn               (no ring)

@: no status effects
A: beak, talons 3
a: no special abilities


You were on level 3 of the Dungeon.
You visited 1 branch of the dungeon, and saw 3 of its levels.

You collected 94 gold pieces.

Inventory:

Hand Weapons
 a - a +2 quarterstaff (weapon)
Armour
 b - a +0 hat (worn)
 g - a +0 leather armour (worn)
Wands
 s - a wand of acid (9)
Scrolls
 d - a scroll of acquirement {unknown}
 e - 4 scrolls of identify {unknown}
 l - a scroll of immolation {unknown}
 n - a scroll of enchant weapon {unknown}
 o - a scroll of silence {unknown}
 r - a scroll of noise {unknown}
Potions
 c - 2 potions of curing
 f - 2 potions of attraction {unknown}
 h - 3 potions of haste {unknown}
 i - a potion of invisibility {unknown}
 j - a potion of berserk rage {unknown}
 k - a potion of resistance {unknown}
 m - 3 potions of lignification {unknown}
 p - 2 potions of brilliance {unknown}
 q - a potion of mutation {unknown}


   Skills:
 + Level 0.7 Fighting
 + Level 3.9 Staves
 + Level 0.9 Armour
 + Level 1.1 Dodging
 + Level 0.1 Stealth
 + Level 3.8 Spellcasting
 + Level 1.7 Conjurations
 + Level 1.0 Invocations
 + Level 1.0 Evocations


You had 7 spell levels left.
You knew the following spells:

 Your Spells              Type           Power      Damage    Failure   Level
a - Magic Dart            Conj           32%        1d4       11%         1
b - Searing Ray           Conj           16%        2d5       17%         2

Your spell library contained the following spells:

 Spells                   Type           Power      Damage    Failure   Level
 Apportation              Tloc           6%         N/A       22%         1
 Sting                    Tmut/Pois      12%        1d3       22%         1
 Static Discharge         Conj/Air       5%         3-4/arc   24%         2
 Poisonous Vapours        Pois/Air       6%         N/A       34%         2
 Sublimation of Blood     Necr           3%         N/A       34%         2
 Fulminant Prism          Conj/Hex       2%         3d6       83%         4
 Olgreb's Toxic Radiance  Pois           3%         N/A       92%         4
 Petrify                  Tmut/Erth      3%         N/A       92%         4
 Alistair's Intoxication  Tmut/Pois      2%         N/A       99%         5
 Irradiate                Conj/Tmut      2%         3d12      99%         5


Dungeon Overview and Level Annotations

Branches:
Dungeon (3/15)

Altars:

Annotations:
D:1 2 transporters


Innate Abilities, Weirdness & Mutations

You have a beak for a mouth.
You have claws for feet.


Message History

The black bear is lightly wounded. (Press . to maintain the ray.)
The black bear bites you. The black bear barely misses you.
The black bear closely misses you.
The magic dart hits the black bear.
The black bear is moderately wounded.
The black bear barely misses you. The black bear claws you.
The black bear barely misses you.
The magic dart hits the black bear.
The black bear is moderately wounded.
The black bear misses you.
The black bear claws you but does no damage.
The black bear claws you.
The magic dart hits the black bear.
The black bear is moderately wounded.
The black bear misses you. The black bear closely misses you. x2
The black bear barely misses you. The black bear claws you.
The black bear barely misses you. The black bear closely misses you.
The black bear claws you but does no damage.
The black bear claws you.
Casting: Magic Dart (safe; 11% risk of failure)
Confirm with . or Enter, or press ? or * to list all spells.
Aiming: Searing Ray (safe; 17% risk of failure)
Press: ? - help, Shift-Dir - straight line, f/p - black bear
Aim: a black bear (moderately wounded, 82% to hit)
The searing ray hits the black bear.
The black bear is moderately wounded. (Press . to maintain the ray.)
The black bear bites you but does no damage.
The black bear closely misses you. The black bear claws you.
* * * LOW HITPOINT WARNING * * *
The searing ray hits the black bear but does no damage.
The black bear is moderately wounded.
The black bear bites you.
* * * LOW HITPOINT WARNING * * *
The black bear claws you.
* * * LOW HITPOINT WARNING * * *
The black bear claws you.
You die...

### # ##.##>#
###...#.#
....... #h?.# #
#@##.# #....#
#.#### #+# #.#
#.##### #.#
#.#...#####.#
##.#.........#
##......#######
#.........#


You could see a black bear.

Vanquished Creatures
  Natasha (D:3)
  An adder (D:2)
  2 worms (D:2)
  2 ball pythons
  3 endoplasms
  4 hobgoblins
  4 quokkas
  2 bats (D:1)
  A frilled lizard (D:1)
  3 goblins (D:1)
  5 kobolds
  A rat (D:1)
29 creatures vanquished.

Vanquished Creatures (others)
  3 fungi (D:1)
  2 plants (D:1)
5 creatures vanquished.

Grand Total: 34 creatures vanquished

Notes
Turn   | Place    | Note
-------+----------+-------------------------------------------
     0 | D:1      | xian the Tengu Wanderer began the quest for the Orb.
     0 | D:1      | xian set off with the following items: a +2 quarterstaff, a
                  | +0 hat, a potion of curing, a +0 robe; and the following
                  | spells available to memorise: Searing Ray, Static
                  | Discharge.
     0 | D:1      | Reached XP level 1. HP: 10/10 MP: 5/5
   410 | D:1      | Learned a level 1 spell: Magic Dart
   570 | D:1      | Reached XP level 2. HP: 16/16 MP: 5/7
   673 | D:1      | Learned a level 2 spell: Searing Ray
   684 | D:1      | Found a faded altar of an unknown god.
   991 | D:2      | Reached XP level 3. HP: 17/20 MP: 1/9
  1809 | D:3      | Noticed Natasha
  1818 | D:3      | Killed Natasha
  1819 | D:3      | Reached XP level 4. HP: 15/24 MP: 4/10
  2007 | D:3      | Noticed a black bear
  2016 | D:3      | HP: 1/24 [black bear (1)]
  2016 | D:3      | Slain by a black bear

Illustrated notes

Levels and vault maps discovered:
D:1:      spicycebolla_arrival_transporter_tutorial, layout_basic, serial_glass,
          glass_columns_b, glass_columns_a, glass_columns_b, glass_columns_a,
          glass_columns_b, glass_columns_a, dreamdust_ecumenical_altar_grove
D:2:      layout_basic
D:3:      layout_loops_corners, uniq_terence, uniq_natasha

Action                   |  1- 3 |  4- 6 || total
-------------------------+-------+-------++-------
Melee: Quarterstaff      |    20 |       ||    20
       Peck              |     2 |       ||     2
       Kick              |     6 |       ||     6
 Cast: Magic Dart        |    47 |     9 ||    56
       Searing Ray       |     4 |     2 ||     6
 Stab: Sleeping          |     1 |       ||     1
Armor: Leather armour    |     9 |     3 ||    12
Dodge: Dodged            |    21 |    12 ||    33
